 Dungeon Crawl Stone Soup version 0.17-a0-1945-gfe993df (webtiles) character file.

52 mcbry74 the Magician (level 3, -1/19 HPs)
             Began as a Deep Elf Wizard on Sept 30, 2015.
             Slain by a kobold
             ... wielding a +0 club
              (4 damage)
             ... on level 2 of the Dungeon.
             The game lasted 00:12:40 (1785 turns).

mcbry74 the Magician (Deep Elf Wizard)              Turns: 1785, Time: 00:12:41

Health: -1/19      AC:  2    Str:  4    XL:     3   Next: 60%
Magic:  5/12       EV: 13    Int: 23    God:
Gold:   120        SH:  0    Dex: 13    Spells: 6 memorised, 0 levels left

rFire  . . .     SeeInvis .     g - +0 dagger
rCold  . . .     Clarity  .     a - +0 robe
rNeg   . . .     SustAt   .     (no shield)
rPois  .         Gourm    .     b - +0 hat
rElec  .         Spirit   .     (no cloak)
rCorr  .         Warding  .     (no gloves)
rMut   .         Stasis   .     (no boots)
MR     .....                    (no amulet)
Stlth  ++........               (no ring)
                                (no ring)

@: not resistant to hostile enchantments, unstealthy
A: no striking features
a: no special abilities


You were on level 2 of the Dungeon.
You were not hungry.

You visited 1 branch of the dungeon, and saw 3 of its levels.

You collected 120 gold pieces.

Inventory:

Hand weapons
 g - a +0 dagger (weapon)
Missiles
 n - 74 stones
 q - 4 tomahawks of returning (quivered)
Armour
 a - a +0 robe (worn)
 b - a +0 hat (worn)
Scrolls
 e - a scroll of amnesia {unknown}
 h - a scroll of enchant armour {unknown}
 i - 2 scrolls of recharging {unknown}
 k - a scroll of immolation {unknown}
 l - a scroll of remove curse {unknown}
 m - a scroll of identify {unknown}
 p - a scroll of blinking {unknown}
Potions
 f - 2 potions of curing {unknown}
 j - a potion of heal wounds
 o - a potion of degeneration {unknown}
Books
 c - a book of Minor Magic

   Spells                             Type                      Level
   a - Magic Dart                     Conjuration                  1
   b - Blink                          Translocation                2
   c - Call Imp                       Summoning                    2
   d - Repel Missiles                 Charms/Air                   2
   e - Slow                           Hexes                        2
   f - Conjure Flame                  Conjuration/Fire             3
   g - Mephitic Cloud                 Conjuration/Poison/Air       3
Comestibles
 d - a bread ration


   Skills:
 + Level 2.6 Dodging
 + Level 2.7 Stealth
 * Level 5.9 Spellcasting
 + Level 1.7 Conjurations
 + Level 1.1 Summonings
 + Level 1.1 Translocations


You couldn't memorise any spells.
You knew the following spells:

 Your Spells              Type           Power        Failure   Level  Hunger
a - Magic Dart            Conj           ##..         4%          1    None
b - Call Imp              Summ           ##......     10%         2    None
c - Blink                 Tloc           N/A          10%         2    None
d - Repel Missiles        Chrm/Air       #.....       17%         2    None
e - Mephitic Cloud        Conj/Pois/Air  #.......     21%         3    #......
f - Conjure Flame         Conj/Fire      ##......     21%         3    #......


Dungeon Overview and Level Annotations

Branches:
Dungeon (3/15)

Altars:
Gozag


Message History

You climb upwards.
There is a stone staircase leading down here.
The jackal bites you but does no damage.
The jackal bites you but does no damage.
Casting: Mephitic Cloud
Confirm with . or Enter, or press ? or * to list all spells.
Aiming: Magic Dart
Press: ? - help, Shift-Dir - straight line, f - jackal
Aim: a jackal The magic dart hits the jackal.
You kill the jackal!
Casting: Magic Dart
Confirm with . or Enter, or press ? or * to list all spells.
Aiming: Magic Dart
Press: ? - help, Shift-Dir - straight line, f - kobold
Aim: a kobold, wielding a club (heavily wounded)
The magic dart hits the kobold.
The kobold is severely wounded.
The kobold hits you with a club.
You die...

........## #.#.####.#####
#........# #.#.# #.# ........##
##...####.######### #...###.#
#.................. #...#...#
#..#.####.....##### #...#†#.#
#..#......###.# #.......#
#)>.....#.# #.# #.......#
##K#..###.# #.# #.#.#...#
#@....##.###.##### ....##..#
#..#..##.......... #.####..#
#........########. ........######
#..#..##.# ##... #.####.......#
#..#..##.# #.8.. #......#####.#
#..#..##.#####.... ####......##)#
#.....).........._ #
#......##.#######.#......#....
####†.....##.#..........#.###.8..


You could see a kobold.

Vanquished Creatures
  2 giant geckos
  2 giant cockroaches (D:2)
  8 goblins
  A hobgoblin (D:2)
  A jackal (D:2)
  7 bats
  4 giant newts
  5 kobolds
  10 rats
40 creatures vanquished.

Vanquished Creatures (collateral kills)
  An adder (D:2)
  A hobgoblin (D:2)
  A rat (D:2)
3 creatures vanquished.

Grand Total: 43 creatures vanquished

Notes
Turn   | Place    | Note
--------------------------------------------------------------
     0 | D:1      | mcbry74 the Deep Elf Wizard began the quest for the Orb.
     0 | D:1      | Reached XP level 1. HP: 10/10 MP: 7/7
   379 | D:1      | Reached XP level 2. HP: 15/15 MP: 5/9
   380 | D:1      | Reached skill level 5 in Spellcasting
   438 | D:1      | Learned a level 2 spell: Call Imp
   441 | D:1      | Learned a level 2 spell: Blink
   444 | D:1      | Learned a level 2 spell: Repel Missiles
   924 | D:2      | Reached XP level 3. HP: 15/19 MP: 2/12
  1015 | D:2      | Found an opulent altar of Gozag.
  1576 | D:2      | Learned a level 3 spell: Mephitic Cloud
  1580 | D:2      | Learned a level 3 spell: Conjure Flame
  1785 | D:2      | Slain by a kobold

Vault maps used:
D:1:      lightli_arrival_noodles, due_unseen_surprise
D:2:      grunt_gozag_statues
D:3:      tgw_xom, grunt_ministairs_6, minmay_item_behind_shaft, uniq_robin,
          uniq_grinder

Action                   || total
-------------------------++-------
Melee: Dagger            ||     8
Throw: Tomahawk          ||     7
 Cast: Magic Dart        ||    81
       Call Imp          ||     5
       Mephitic Cloud    ||     1
  Eat: Chunk             ||     2
